Cogmind - Beta 16.1 @@@ ROGUE MODE // 2026.04.07 @ 03:34:59 Player: Foongus0298 Result: Destroyed by H-77 Assassin with Coil Gun Performance ------------- Evolutions (6) 3000 Regions Visited (20) 4000 Robots Destroyed (213) 1065 Value Destroyed (8539) 8539 Prototype IDs (23) 460 Alien Tech Used (1) 200 Bonus (8683) 8683 TOTAL SCORE: 25947 Bonus ------- High Alert Combat Kills 641 Follower Combat Kills 3554 Network Hubs Disabled 400 Met Imprinter 300 Was Imprinted 300 Met Zhirov 300 Met Warlord at Base 500 MAIN.C Attacked Warlord 500 Warlord Defense Kills 3360 Friendly Fire -1172 Cogmind --------- Core Integrity 0/1150 Matter 107/300 Energy 98/100 System Corruption 28% Temperature Cool (0) Movement Core (50) Location -4/Hub_04(d) Parts ------- > --- POWER (3) -------- (None) > --- PROPULSION (4) --- (None) > --- UTILITY (9) ------ (None) > --- WEAPON (4) ------- (None) > --- INVENTORY (5) ---- Advanced Heat Sink Matter Compressor (0) Component Analysis Suite Hardcell Cannon Power Maul Peak State ------------ > --- POWER ------------ Neutrino Core Neutrino Core Quantum Reactor > --- PROPULSION ------- Improved Treads Wheel Compact Wheel Compact Wheel > --- UTILITY ---------- Advanced Heat Sink Advanced Coolant Injector High-capacity Storage Unit Improved Signal Interpreter Zionite Light Carapace Zionite Heavy Carapace Graphene Brace Improved Force Field > --- WEAPON ----------- Advanced Variable Charge Gun EMDS Hardcell Cannon > --- INVENTORY -------- Quantum Reactor Improved Treads Advanced Heat Sink Advanced Heat Sink Matter Compressor Experimental Sensor Array Cloaking Device Hardened Medium Armor Plating Experimental EM Shield Component Analysis Suite Hacking Drone Bay HERF Cannon KE Penetrator Hardcell Cannon Hardcell Cannon Micro-nuke Launcher Power Maul [Rating: 119] Favorites ----------- Power Hybrid Deuterium Engine Engine Hybrid Deuterium Engine Power Core Neutrino Core Reactor Quantum Reactor Propulsion Compact Wheel Treads Improved Treads Wheel Compact Wheel Utility High-capacity Storage Unit Device Experimental Sensor Array Storage High-capacity Storage Unit Processor Improved Signal Interpreter Protection Improved Medium Armor Plating Weapon Hypervelocity Coil Gun Energy Gun Phase Gun Energy Cannon Proton Cannon Ballistic Gun Hypervelocity Coil Gun Ballistic Cannon Enhanced Gauss Cannon Launcher Rocket Array Impact Weapon Power Maul Build | -11 -10 -9 -9 -8 -7 -6 -6 -6 -6 -5 -5 -5 -5 -5 -4 -4 -4 -4 -4 -4 ------- Run | Yrd Mat Mat Min Mat Fac Fac Low Low Zio Pro Fac Upp Upp War Pro Fac Ext Cet Arc Hub Slots Evolved 12 | . . 2 . 2 2 2 . . . . 2 . . . . 2 . . . . Power 2 | . . . . 1 . . . . . . . . . . . 1 . . . . Propulsion 1 | . . . . . . . . . . . 1 . . . . . . . . . Utility 7 | . . 1 . 1 1 2 . . . . 1 . . . . 1 . . . . Weapon 2 | . . 1 . . 1 . . . . . . . . . . . . . . . Parts Attached 197 | 6 3 10 5 11 15 24 7 5 3 4 7 1 2 11 7 10 28 8 2 28 Power 30 | 1 1 1 . 3 3 3 1 . . 1 . . 1 1 2 1 7 1 . 3 Engine 11 | 1 . 1 . 3 3 2 1 . . . . . . . . . . . . . Core 12 | . 1 . . . . 1 . . . 1 . . . . . 1 6 . . 2 Reactor 7 | . . . . . . . . . . . . . 1 1 2 . 1 1 . 1 Propulsion 26 | 2 . . 2 . 1 4 . . . . . 1 . 1 1 . 5 . 1 8 Treads 3 | . . . . . . . . . . . . . . . . . . . 1 2 Leg . | . . . . . . . . . . . . . . . . . . . . . Wheel 23 | 2 . . 2 . 1 4 . . . . . 1 . 1 1 . 5 . . 6 Hover . | . . . . . . . . . . . . . . . . . . . . . Flight . | . . . . . . . . . . . . . . . . . . . . . Utility 86 | 1 2 3 1 3 6 11 4 2 3 1 6 . 1 6 3 7 12 3 1 10 Device 40 | . . . 1 2 4 4 2 2 3 1 2 . . 2 2 4 4 . 1 6 Storage 8 | 1 2 . . . . 2 . . . . 2 . . . . . 1 . . . Processor 9 | . . 1 . . 1 1 1 . . . . . . . 1 2 2 . . . Hackware . | . . . . . . . . . . . . . . . . . . . . . Protection 29 | . . 2 . 1 1 4 1 . . . 2 . 1 4 . 1 5 3 . 4 Artifact . | . . . . . . . . . . . . . . . . . . . . . Weapon 55 | 2 . 6 2 5 5 6 2 3 . 2 1 . . 3 1 2 4 4 . 7 Energy Gun 13 | . . . 1 1 1 . . . . . . . . 2 1 2 1 3 . 1 Energy Cannon 3 | . . . . . . . . 1 . . 1 . . . . . . . . 1 Ballistic Gun 20 | 2 . 3 . 2 1 5 2 . . 1 . . . . . . 3 1 . . Ballistic Cannon 15 | . . 3 1 1 1 1 . 2 . 1 . . . 1 . . . . . 4 Launcher 2 | . . . . . 1 . . . . . . . . . . . . . . 1 Special Weapon . | . . . . . . . . . . . . . . . . . . . . . Impact Weapon 2 | . . . . 1 1 . . . . . . . . . . . . . . . Slashing Weapon . | . . . . . . . . . . . . . . . . . . . . . Piercing Weapon . | . . . . . . . . . . . . . . . . . . . . . Special Melee Weapon . | . . . . . . . . . . . . . . . . . . . . . Unidentified Prototypes 22 | . . 1 1 1 1 . . . 2 . 2 1 2 4 . . 1 3 . 3 Parts Lost 98 | . 1 . 1 5 6 5 1 . . 4 . . . 13 7 . 10 3 6 36 Power 18 | . 1 . . . 3 1 1 . . 1 . . . 1 2 . 1 . . 7 Propulsion 19 | . . . 1 . . . . . . . . . . 2 . . 2 1 4 9 Utility 40 | . . . . 3 1 2 . . . 2 . . . 5 4 . 5 2 2 14 Weapon 21 | . . . . 2 2 2 . . . 1 . . . 5 1 . 2 . . 6 Highest Loss Streak 14 | . 1 . 1 2 4 4 1 . . 3 . . . 13 6 . 4 3 6 14 To Critical Strikes 2 | . . . . . . . . . . . . . . 1 . . . . . 1 Average Backups 18 | 2 10 18 20 19 18 18 19 20 20 19 18 19 20 19 8 11 19 18 18 18 Power 1 | . 1 2 3 2 1 1 1 2 2 1 1 2 2 2 . . 2 2 2 1 Propulsion 1 | 1 3 2 1 2 1 1 2 2 2 2 1 1 1 1 . . 1 . . 1 Utility 8 | . 1 5 7 8 8 9 8 9 9 8 10 10 11 10 7 9 9 7 7 8 Weapon 6 | . 3 7 7 6 6 6 6 7 7 6 6 6 6 5 . 1 6 8 9 7 Tool/Special . | . . . . . . . . . . . . . . . . . . . . . Unused Backups 73 | . 4 4 5 7 9 6 3 1 2 1 4 . 1 2 . . 11 . . 13 Power 13 | . 2 2 . 1 1 2 . 1 . 1 . . . 1 . . 1 . . 1 Propulsion 7 | . 2 2 . 1 2 . . . . . . . . . . . . . . . Utility 26 | . . . 2 2 3 3 2 . 1 . 3 . 1 . . . 5 . . 4 Weapon 27 | . . . 3 3 3 1 1 . 1 . 1 . . 1 . . 5 . . 8 Tool/Special . | . . . . . . . . . . . . . . . . . . . . . Average Slot Usage (%) 90 | . 94 93 89 89 91 96 92 93 93 92 93 87 88 86 87 91 94 97 79 86 Engine 7 | . 11 10 11 17 14 10 12 13 13 12 5 5 5 5 3 . . . . . Core 3 | . 2 . . . . 2 . . . . 5 5 3 . . 2 12 11 10 9 Reactor 1 | . . . . . . . . . . . . . 1 4 6 10 2 3 5 4 Wheel 11 | . 28 19 12 9 6 9 6 6 6 6 11 12 16 15 15 15 19 18 2 12 Device 19 | . . . 2 15 21 25 25 25 23 24 21 21 20 21 25 25 13 13 19 21 Storage 6 | . 17 11 11 9 7 6 6 6 6 6 5 5 5 5 5 5 6 5 5 5 Processor 6 | . . 10 11 9 7 6 6 6 6 6 5 5 5 5 5 11 10 5 5 4 Protection 7 | . 5 11 7 3 1 6 6 7 8 7 11 5 5 5 4 2 8 19 11 6 Energy Gun 3 | . . . . . 12 . . . . . . . . . 4 9 12 8 9 6 Energy Cannon 1 | . . . . . . . . . 6 2 1 5 3 . . . . . . . Ballistic Gun 11 | . 28 16 5 8 9 15 26 17 15 18 11 11 11 9 4 5 7 11 10 3 Ballistic Cannon 5 | . . 13 27 17 5 7 . 7 . 3 6 3 5 5 . . . . . 7 Impact Weapon 1 | . . . . . 1 2 . . 3 . 2 1 . . 4 4 . . . . Peak Build Rating 119 | 6 9 16 33 42 56 73 72 75 76 76 89 90 93 98 78 106 107 111 113 119 Average Rating 73 | 4 7 13 22 39 51 62 68 73 70 72 78 88 91 92 72 92 100 106 105 101 On Entrance 62 | . 6 8 16 33 37 56 67 72 70 73 74 89 88 93 43 72 106 93 111 113 Avg Prop Armor Cover (%) 4 | . . . . . . . . . . . . . . . . . . . . 4 Naked Turns 3 | . . . . . . . . . . . . . . . . . . . . 3 Heaviest Build 155 | 13 49 63 65 73 87 102 104 122 117 120 126 117 117 147 108 112 148 154 151 155 Greatest Support 64 | 26 26 26 28 28 28 32 28 28 28 28 40 50 50 50 38 38 60 64 64 58 Greatest Overweight (x) 45 | . 1 18 6 2 3 3 3 4 4 4 3 2 2 3 2 2 3 3 45 19 Average Overweight (x) 2 | . . 2 3 2 2 2 3 3 3 3 2 2 2 2 1 2 1 2 9 2 Largest Inventory Capacity 20 | 8 20 20 20 20 20 20 20 20 20 20 20 20 20 20 20 20 20 20 20 20 Average Capacity 19 | 7 16 20 20 20 20 20 20 20 20 20 20 20 20 20 20 20 20 20 20 19 Most Carried 20 | 6 15 20 20 20 20 20 20 20 20 20 20 20 20 20 12 20 20 20 19 20 Average Carried 18 | 2 10 18 19 19 19 19 19 20 19 19 18 19 19 19 8 11 19 18 18 18 Final Capacity 20 | 8 20 20 20 20 20 20 20 20 20 20 20 20 20 20 20 20 20 20 20 5 Final Carried 20 | 6 15 20 20 19 20 17 20 20 20 16 20 20 20 13 5 20 19 19 19 5 Class Distribution -------------------- 35% | Tank 22% | Skirmisher 12% | Scavenger-Tank 11% | Commander-Tank 7% | Scavenger-Mutant 3% | Messiah-Tank 3% | Mutant Dominant Class ---------------- Mutant | -10/Materials Tank | -9/Materials Tank | -9/Mines Skirmisher | -8/Materials Skirmisher | -7/Factory Skirmisher | -6/Factory Skirmisher | -6/Lower Caves Commander-Tank | -6/Lower Caves Tank | -6/Zion Tank | -5/Proximity Caves Tank | -5/Factory Tank | -5/Upper Caves Tank | -5/Upper Caves Tank | -5/Warlord Scavenger-Mutant | -4/Proximity Caves Scavenger-Skirmisher | -4/Factory Commander-Tank | -4/Extension Scavenger-Tank | -4/Cetus Scavenger-Tank | -4/Archives Scavenger-Tank | -4/Hub_04(d) Resources | -11 -10 -9 -9 -8 -7 -6 -6 -6 -6 -5 -5 -5 -5 -5 -4 -4 -4 -4 -4 -4 ----------- Run | Yrd Mat Mat Min Mat Fac Fac Low Low Zio Pro Fac Upp Upp War Pro Fac Ext Cet Arc Hub Matter Collected 10327 | 220 185 283 421 593 739 1589 496 450 147 613 470 183 313 942 380 260 836 145 126 936 Remotely 2607 | . . . . . 320 1147 403 . . . . . . 737 . . . . . . Salvage Created 8549 | . 284 340 255 491 667 1159 157 191 . 638 71 173 206 517 384 . 1462 . 80 1474 Parts 365 | . 23 21 20 25 33 72 11 7 . 21 9 2 6 11 16 . 33 . 3 52 Haulers Intercepted 9 | . . 2 . 3 1 . . . . . . . . . . . 1 . . 2 Recyclers Shooed 5 | . . . . . . 3 . . . . 1 . . . . . 1 . . . Parts Field Recycled . | . . . . . . . . . . . . . . . . . . . . . Retrieved Matter . | . . . . . . . . . . . . . . . . . . . . . Parts Self-Destructed 78 | . . . . . . . 10 9 . 34 . 6 6 . 13 . . . . . Prevented 7 | . . . . . . . . 2 . 5 . . . . . . . . . . Parts Restored . | . . . . . . . . . . . . . . . . . . . . . Kills | -11 -10 -9 -9 -8 -7 -6 -6 -6 -6 -5 -5 -5 -5 -5 -4 -4 -4 -4 -4 -4 ------- Run | Yrd Mat Mat Min Mat Fac Fac Low Low Zio Pro Fac Upp Upp War Pro Fac Ext Cet Arc Hub Combat Hostiles Destroyed 157 | . 8 6 7 12 9 18 5 3 . 14 1 5 4 25 9 . 14 . 1 16 Guns 74 | . 8 5 2 7 6 5 5 1 . 6 1 1 . 1 8 . 12 . 1 5 Cannons 38 | . . 1 5 5 3 9 . 2 . 1 . . 1 4 . . . . . 7 AOE 42 | . . . . . . 4 . . . 7 . 4 3 20 1 . . . . 3 Classes Destroyed 20 | . 4 3 . 1 2 3 . 1 . . . . . 4 . . 1 . . 1 Worker 18 | . . 1 . 1 3 10 . . . . . . . . . . . . . 3 Builder 8 | . . . . . . 5 . . . . 1 . . . . . . . . 2 Tunneler 2 | . . . . . . 1 . . . . . . . . . . . . . 1 Hauler 9 | . . 2 . 3 1 . . . . . . . . . . . 1 . . 2 Recycler 13 | . 1 1 3 . 3 . . . . . . . . . . . 3 . . 2 Operator 1 | . . . . . . . . . . . . . . . . . 1 . . . Watcher 2 | . 1 . . 1 . . . . . . . . . . . . . . . . Swarmer 38 | . 6 3 7 4 1 . 4 . . 3 . 2 . 1 3 . 3 . . 1 Grunt 55 | . 2 . . 5 3 7 1 2 . 8 . 2 3 12 4 . 3 . 1 2 Brawler 1 | . . . . . . 1 . . . . . . . . . . . . . . Duelist 3 | . . . . . 2 1 . . . . . . . . . . . . . . Protector 2 | . . . . . . . . . . . . . . 1 . . . . . 1 Sentry 20 | . . 3 . 1 1 1 . . . 2 . 1 1 . . . 7 . . 3 Specialist 4 | . . . . . . . . . . . . . . 2 . . . . . 2 Hunter 13 | . . . . 2 1 4 . . . 1 . . . 2 . . 1 . . 2 Programmer 15 | . . . . . 1 4 . . . . 1 . . 3 2 . . . . 4 Lightning 1 | . . . . . . . . . . . . . . . . . . . . 1 Striker 3 | . . . . . . . . . . . . . . 3 . . . . . . Executioner 1 | . . . . . . . . . . . . . . 1 . . . . . . Z-Heavy 3 | . . . . . . . . . . . . . . . . . . . . 3 Mutant 1 | . . . . . . . . 1 . . . . . . . . . . . . Best Kill Streak 17 | . 6 4 5 3 4 17 4 1 . 12 1 5 3 11 4 . 4 . 1 5 Combat Bots Only 12 | . 5 4 4 3 3 8 4 1 . 12 1 5 3 11 4 . 3 . 1 3 Max Kills in Single Turn 5 | . 2 1 1 1 2 4 2 1 . 5 1 3 2 4 2 . 2 . 1 2 Gunslinging 1 | . . . . . . . 1 . . . . . . . . . 1 . . . Exploded 4 | . . . . . . 3 . . . 3 . 3 2 4 1 . . . . 2 Melee . | . . . . . . . . . . . . . . . . . . . . . Uniques/NPCs Destroyed . | . . . . . . . . . . . . . . . . . . . . . Combat | -11 -10 -9 -9 -8 -7 -6 -6 -6 -6 -5 -5 -5 -5 -5 -4 -4 -4 -4 -4 -4 -------- Run | Yrd Mat Mat Min Mat Fac Fac Low Low Zio Pro Fac Upp Upp War Pro Fac Ext Cet Arc Hub Hostile Shots Fired 1544 | . 32 37 42 87 72 198 24 33 . 101 8 8 9 218 106 8 125 20 . 416 Missed 481 | . 6 7 10 14 24 53 7 10 . 28 2 2 3 81 38 5 41 3 . 147 Hits 1063 | . 26 30 32 73 48 145 17 23 . 73 6 6 6 137 68 3 84 17 . 269 Melee 21 | . . . . . 12 1 . . . . . . . 8 . . . . . . Projectile 1042 | . 26 30 32 73 36 144 17 23 . 73 6 6 6 129 68 3 84 17 . 269 Critical Strikes 43 | . 1 3 . 3 4 6 . . . 1 . . 1 6 1 . 3 3 . 11 Actively Blocked 4 | . . . . . . . . . . . . . . . . . . . . 4 Part Disruptions 2 | . . . . . . . . . . . . . . . . . . . . 2 Damage Taken 17693 | . 247 317 254 1172 922 1980 197 177 . 917 86 64 138 2398 670 31 1442 542 1229 4910 Core 2237 | . 32 82 48 81 140 127 22 28 . 110 12 . . 268 118 . 93 29 65 982 Absorbed by Shields 3676 | . . . . . . 274 . 151 . 355 82 59 132 468 572 33 543 . . 1007 Redirected to Shielding 21 | . . . . . . . . . . . 21 . . . . . . . . . Ignored by Resistances 458 | . . . . . . 124 66 31 . 162 6 . . . . . 69 . . . Regen/Repaired (Parts) 276 | . . 26 . 89 . . . . . . . . . 161 . . . . . . Core Remaining (%) 77 | 100 87 . 67 85 80 . . . . 66 . . . . 60 . . . . . Volleys Fired 442 | . 28 31 19 47 31 48 6 11 . 25 5 3 5 24 29 4 45 5 2 74 Largest 4 | . 2 3 3 3 4 4 4 4 . 4 4 4 4 4 2 3 4 4 4 4 Hottest 283 | . 40 99 106 105 220 176 113 170 . 157 210 208 210 168 110 198 283 180 236 277 Shots Fired 1385 | . 56 93 53 139 103 182 24 44 . 100 20 12 20 59 48 12 177 20 8 215 Gun 968 | . 56 70 9 61 86 117 24 32 . 70 10 6 10 20 48 12 177 20 8 132 Cannon 379 | . . 23 44 78 17 60 . 12 . 24 10 3 8 25 . . . . . 75 Launcher 38 | . . . . . . 5 . . . 6 . 3 2 14 . . . . . 8 Special . | . . . . . . . . . . . . . . . . . . . . . Kinetic 1037 | . 56 93 51 139 57 173 24 38 . 94 16 6 15 31 30 4 56 15 4 135 Thermal 275 | . . . 2 . 46 4 . . . . 4 3 3 . 4 8 121 5 4 71 Explosive 38 | . . . . . . 5 . . . 6 . 3 2 14 . . . . . 8 Electromagnetic 7 | . . . . . . . . 6 . . . . . . . . . . . 1 Entropic 28 | . . . . . . . . . . . . . . 14 14 . . . . . Robot Hit Streak 17 | . 17 10 3 10 12 11 4 10 . 8 5 2 3 12 7 10 16 4 4 15 Robot Miss Streak 12 | . 6 4 5 12 6 9 6 6 . 7 4 10 4 4 3 2 4 6 2 6 Penetration Max 3 | . . . . 1 1 2 . 1 . 3 1 . . 1 1 1 1 1 1 1 Secondary Targets 6 | . 1 . . . . . 2 . . . . . . 1 . . 1 . 1 . Max Gunslinging Chain 1 | . 1 . . . . . 1 . . . . . . 1 . . 1 . 1 . Shots Hit Robots 780 | . 38 51 17 73 58 112 16 29 . 53 10 5 7 35 25 10 118 12 5 106 Core Hits 563 | . 20 17 9 39 33 80 11 18 . 68 4 18 15 119 14 3 40 3 3 49 Critical Kills 15 | . . . . . . 2 . . . 4 1 1 . . 5 . . . . 2 Critical Parts Destroyed 31 | . 1 . . 1 1 6 . 1 . 11 . . . 1 3 . 4 . . 2 Critical Strikes 92 | . 1 . . 4 4 12 . 1 . 20 2 1 1 2 10 . 15 1 . 18 Burn 16 | . . . . . 1 . . . . . . . . . 2 . 10 . . 3 Destroy 52 | . 1 . . 1 1 8 . 1 . 16 2 1 1 . 7 . 5 1 . 7 Blast 21 | . . . . 3 2 4 . . . 4 . . . 1 . . . . . 7 Corrupt 1 | . . . . . . . . . . . . . . . . . . . . 1 Detonate 2 | . . . . . . . . . . . . . . 1 1 . . . . . Melee Attacks 51 | . . . . 1 5 9 . 1 21 . 7 1 . . . 2 . 1 3 . Impact 51 | . . . . 1 5 9 . 1 21 . 7 1 . . . 2 . 1 3 . Slashing . | . . . . . . . . . . . . . . . . . . . . . Piercing . | . . . . . . . . . . . . . . . . . . . . . Sneak Attacks . | . . . . . . . . . . . . . . . . . . . . . Combat Hostiles . | . . . . . . . . . . . . . . . . . . . . . Follow-up Attacks . | . . . . . . . . . . . . . . . . . . . . . Damage Inflicted 26957 | . 420 606 416 1413 1252 3271 284 514 . 1983 315 485 539 5504 917 192 3079 420 225 5122 Guns 12468 | . 420 418 44 638 961 1731 284 225 . 661 54 7 49 478 593 192 3079 420 225 1989 Cannons 6239 | . . 188 372 775 291 1122 . 289 . 493 225 64 128 949 . . . . . 1343 Explosions 8214 | . . . . . . 418 . . . 829 . 414 362 4077 324 . . . . 1790 Melee 36 | . . . . . . . . . . . 36 . . . . . . . . . Ramming . | . . . . . . . . . . . . . . . . . . . . . Kinetic 13094 | . 420 606 416 1413 554 2786 284 398 . 1154 164 7 113 1035 124 33 966 350 164 2107 Thermal 5007 | . . . . . 698 67 . . . . 115 64 64 90 389 159 2113 70 61 1117 Explosive 6966 | . . . . . . 418 . . . 829 . 414 362 3987 . . . . . 956 Electromagnetic 1058 | . . . . . . . . 116 . . . . . . . . . . . 942 Impact 36 | . . . . . . . . . . . 36 . . . . . . . . . Slashing . | . . . . . . . . . . . . . . . . . . . . . Piercing . | . . . . . . . . . . . . . . . . . . . . . Entropic 796 | . . . . . . . . . . . . . . 392 404 . . . . . Highest Corruption 28 | . . . . . . 2 2 2 2 . 10 10 10 10 10 . . . . 28 Average Corruption 6 | . . . . . . 1 2 2 2 . 8 10 10 7 9 . . . . 12 Corruption Purged 2 | . . . . . . 2 . . . . . . . . . . . . . . Corruption Blocked . | . . . . . . . . . . . . . . . . . . . . . Effects 161 | . . . . . . 10 9 4 4 . 11 16 15 5 39 . . . . 48 Message Errors 41 | . . . . . . 1 4 3 1 . 1 4 6 2 9 . . . . 10 Matter Fused 37 | . . . . . . 1 . 1 2 . 4 8 3 . 9 . . . . 9 Heat Flow Errors 24 | . . . . . . 2 1 . . . 4 1 . . 10 . . . . 6 Energy Discharges 8 | . . . . . . 2 1 . . . . . 1 2 1 . . . . 1 Parts Rejected 3 | . . . . . . . . . . . . . . . . . . . . 3 Parts Fused 2 | . . . . . . . . . . . 2 . . . . . . . . . Data Loss (minor) 25 | . . . . . . 3 2 . 1 . . 3 1 1 7 . . . . 7 Data Loss (major) 6 | . . . . . . 1 1 . . . . . 2 . 1 . . . . 1 Misfires 6 | . . . . . . . . . . . . . 1 . 1 . . . . 4 Alerts 2 | . . . . . . . . . . . . . . . 1 . . . . 1 Misdirections 1 | . . . . . . . . . . . . . . . . . . . . 1 Weapon Failures 6 | . . . . . . . . . . . . . 1 . . . . . . 5 Overload Shots 1 | . . . . . . . . . . . . . . . . . . . . 1 Effects 1 | . . . . . . . . . . . . . . . . . . . . 1 Energy Bleed 1 | . . . . . . . . . . . . . . . . . . . . 1 Overflow Damage 370 | . . . 32 5 . 10 . . . . 5 9 . 195 . . . . . 114 Projectiles 255 | . . . 32 5 . 10 . . . . 5 . . 130 . . . . . 73 Explosions 115 | . . . . . . . . . . . . 9 . 65 . . . . . 41 Melee . | . . . . . . . . . . . . . . . . . . . . . Knockbacks 64 | . . 1 4 13 1 13 . . . 6 3 . . 8 . . . . . 15 Impact . | . . . . . . . . . . . . . . . . . . . . . Kinetic 59 | . . 1 3 13 1 13 . . . 6 2 . . 8 . . . . . 12 Secondary 5 | . . . 1 . . . . . . . 1 . . . . . . . . 3 Self-Inflicted Damage 621 | . . . . . . 54 . . . 31 . . 69 183 . . 44 . . 240 Shots 17 | . . . . . . 2 . . . 2 . . 3 6 . . 1 . . 3 Rammed . | . . . . . . . . . . . . . . . . . . . . . Targets Rammed . | . . . . . . . . . . . . . . . . . . . . . Kicked . | . . . . . . . . . . . . . . . . . . . . . Crushed . | . . . . . . . . . . . . . . . . . . . . . Highest Temperature 480 | . 36 111 394 480 239 184 243 . . 199 120 90 . . 119 74 274 192 42 297 Average Temperature 94 | . 6 33 135 137 112 66 100 . . 120 57 61 . . 52 36 102 102 28 68 Received Heat Transfer 2847 | . 69 72 . 450 111 437 27 36 . 282 4 16 35 353 183 . 511 63 . 198 Effects 3 | . . . 1 2 . . . . . . . . . . . . . . . . Shutdowns 1 | . . . . 1 . . . . . . . . . . . . . . . . Energy Bleed 1 | . . . 1 . . . . . . . . . . . . . . . . . Damage (minor) 1 | . . . . 1 . . . . . . . . . . . . . . . . Siege Activations . | . . . . . . . . . . . . . . . . . . . . . Martial Activations . | . . . . . . . . . . . . . . . . . . . . . Shielding Activations . | . . . . . . . . . . . . . . . . . . . . . Robots Disrupted . | . . . . . . . . . . . . . . . . . . . . . Combat Hostiles . | . . . . . . . . . . . . . . . . . . . . . Robots Corrupted 5 | . . . . . . . . . . . . . . . . . . . . 5 Combat Hostiles 1 | . . . . . . . . . . . . . . . . . . . . 1 Parts Fried 8 | . . . . . . . . . . . . . . . . . . . . 8 Impact Corruptions 1 | . . . . . . . . . . . . . . . . . . . . 1 Robots Melted 4 | . . . . . . . . . . . . . . . . . 4 . . . Combat Hostiles 2 | . . . . . . . . . . . . . . . . . 2 . . . Parts Melted 29 | . . . . . . 1 . . . . . . . . 3 . 19 . . 6 Heat Transferred 9318 | . . . . . 1620 150 . . . . 150 100 75 50 660 261 4371 111 74 1696 Parts Sabotaged . | . . . . . . . . . . . . . . . . . . . . . Parts Stolen . | . . . . . . . . . . . . . . . . . . . . . Parts Stripped . | . . . . . . . . . . . . . . . . . . . . . Power Chain Reactions . | . . . . . . . . . . . . . . . . . . . . . Alert | -11 -10 -9 -9 -8 -7 -6 -6 -6 -6 -5 -5 -5 -5 -5 -4 -4 -4 -4 -4 -4 ------- Run | Yrd Mat Mat Min Mat Fac Fac Low Low Zio Pro Fac Upp Upp War Pro Fac Ext Cet Arc Hub Maximum Alert Level 4 | . . . . . . 1 . . . . 1 . . . . . 3 2 1 4 Low Security (%) 75 | 100 100 100 100 100 100 80 . . . . 87 . . . . 100 26 . 96 52 Level 1 10 | . . . . . . 19 . . . . 12 . . . . . 23 70 3 3 Level 2 2 | . . . . . . . . . . . . . . . . . 6 29 . 10 Level 3 8 | . . . . . . . . . . . . . . . . . 43 . . 11 Level 4 2 | . . . . . . . . . . . . . . . . . . . . 21 Level 5 . | . . . . . . . . . . . . . . . . . . . . . High Security . | . . . . . . . . . . . . . . . . . . . . . Max Security . | . . . . . . . . . . . . . . . . . . . . . Peak Influence 1295 | . 145 123 86 139 65 335 . . . . 240 . . . . 169 986 524 306 1295 Initial 524 | . . 29 18 . 60 . . . . . 240 . . . . 22 60 524 124 . Average 185 | . 67 67 25 58 18 73 . . . . 91 . . . . 45 534 375 49 456 Influence Increases 9085 | . 202 240 182 514 303 677 110 142 . 755 198 175 104 657 190 231 1802 176 402 2025 Destroy 0b10 Robot/C 4500 | . 160 120 140 240 180 360 100 100 . 460 100 120 80 560 180 120 720 80 200 480 Destroy 0b10 Robot/NC 335 | . 10 20 15 25 35 80 . . . . 5 . . 5 . 5 55 5 5 70 Destroy Leader 642 | . 32 44 20 68 42 90 10 20 . 30 30 10 10 . 10 20 76 . . 130 Allied During Kill 1579 | . . . . . . . . 22 . 85 29 45 14 77 . 62 821 85 174 165 Successful Hack 83 | . . 8 . 9 26 33 . . . . . . . . . . 7 . . . Select Force Hacks 30 | . . . . 30 . . . . . . . . . . . . . . . . Disable Machine 435 | . . 15 . 30 . 30 . . . . . . . . . . 45 . 15 300 Destroy Structure 1091 | . . 3 7 22 5 54 . . . . 34 . . . . 24 48 6 8 880 Lose Combat Pursuer 390 | . . 30 . 90 15 30 . . . 180 . . . 15 . . 30 . . . Influence Decreases 7926 | . 130 265 227 383 436 356 416 59 98 372 507 138 206 309 511 144 987 804 712 866 Entered New Map 1606 | . . 43 29 2 73 . 120 4 98 . 143 29 22 9 357 14 63 414 186 . Time Decay 4328 | . 120 222 188 331 316 316 286 35 . 212 324 109 159 60 84 126 604 140 266 430 Lost Part 933 | . 10 . 10 50 47 40 10 . . 40 . . . 130 70 . 100 30 60 336 Lost Ally 1059 | . . . . . . . . 20 . 120 40 . 25 110 . 4 220 220 200 100 Squads Dispatched 33 | . . 1 1 3 6 7 . . . . 2 . . . . 2 2 . . 9 Investigation 6 | . . . 1 3 1 . . . . . . . . . . . 1 . . . Extermination 11 | . . . . . 2 4 . . . . 2 . . . . 1 . . . 2 Reinforcement 14 | . . 1 . . 3 3 . . . . . . . . . 1 . . . 6 Assault 1 | . . . . . . . . . . . . . . . . . 1 . . . Garrison 1 | . . . . . . . . . . . . . . . . . . . . 1 Intercept . | . . . . . . . . . . . . . . . . . . . . . Searches Triggered . | . . . . . . . . . . . . . . . . . . . . . Construction Impeded 5 | . . . . . 1 2 . . . . . . . . . 1 . . . 1 Haulers Reinforced 1 | . . . . . . 1 . . . . . . . . . . . . . . Active Scanning Responses . | . . . . . . . . . . . . . . . . . . . . . Cargo Convoy Interrupts . | . . . . . . . . . . . . . . . . . . . . . Stealth | -11 -10 -9 -9 -8 -7 -6 -6 -6 -6 -5 -5 -5 -5 -5 -4 -4 -4 -4 -4 -4 --------- Run | Yrd Mat Mat Min Mat Fac Fac Low Low Zio Pro Fac Upp Upp War Pro Fac Ext Cet Arc Hub Distress Signals 14 | . 2 1 . 2 . 2 . . . . . . . 2 . . 2 1 . 2 Communications Jammed . | . . . . . . . . . . . . . . . . . . . . . Distress Signals . | . . . . . . . . . . . . . . . . . . . . . Times Spotted 319 | . 12 13 7 27 14 23 5 5 . 36 7 6 4 39 8 5 33 6 26 43 Peak Tracking Total 16 | . 4 5 4 5 4 7 4 3 . 11 2 5 3 13 4 2 4 5 16 12 Tactical Retreats 19 | . . 2 . 4 1 2 . . . 7 . . . 1 . . 2 . . . Traps | -11 -10 -9 -9 -8 -7 -6 -6 -6 -6 -5 -5 -5 -5 -5 -4 -4 -4 -4 -4 -4 ------- Run | Yrd Mat Mat Min Mat Fac Fac Low Low Zio Pro Fac Upp Upp War Pro Fac Ext Cet Arc Hub Traps Triggered 17 | . . 4 . 3 1 1 . . . . 2 . . . . . 6 . . . Indirectly . | . . . . . . . . . . . . . . . . . . . . . Trap Hack Attempts . | . . . . . . . . . . . . . . . . . . . . . Triggered . | . . . . . . . . . . . . . . . . . . . . . Disarmed . | . . . . . . . . . . . . . . . . . . . . . Reprogrammed . | . . . . . . . . . . . . . . . . . . . . . Reused . | . . . . . . . . . . . . . . . . . . . . . Traps Extracted . | . . . . . . . . . . . . . . . . . . . . . Installed . | . . . . . . . . . . . . . . . . . . . . . Triggered . | . . . . . . . . . . . . . . . . . . . . . Machines | -11 -10 -9 -9 -8 -7 -6 -6 -6 -6 -5 -5 -5 -5 -5 -4 -4 -4 -4 -4 -4 ---------- Run | Yrd Mat Mat Min Mat Fac Fac Low Low Zio Pro Fac Upp Upp War Pro Fac Ext Cet Arc Hub Machines Disabled 36 | . . 1 . 2 . 2 . 1 . 2 . . . . 4 . 3 . 1 20 Max in Single Turn 8 | . . 1 . 1 . 1 . 1 . 1 . . . . 4 . 3 . 1 8 Network Hub 2 | . . . . . . . . . . . . . . . . . . . . 2 Energy Cycler 2 | . . . . . . . . . . . . . . . . . 2 . . . Machines Repaired . | . . . . . . . . . . . . . . . . . . . . . Machines Dismantled . | . . . . . . . . . . . . . . . . . . . . . Machines Sabotaged . | . . . . . . . . . . . . . . . . . . . . . Overloaded Fab Kills . | . . . . . . . . . . . . . . . . . . . . . Hacking | -11 -10 -9 -9 -8 -7 -6 -6 -6 -6 -5 -5 -5 -5 -5 -4 -4 -4 -4 -4 -4 --------- Run | Yrd Mat Mat Min Mat Fac Fac Low Low Zio Pro Fac Upp Upp War Pro Fac Ext Cet Arc Hub Machines Accessed 34 | . 3 2 2 5 5 6 1 . . 1 3 . . 3 . . 2 1 . . Terminals 18 | . 2 1 1 3 4 2 . . . 1 1 . . . . . 2 1 . . Fabricators 1 | . . . . . 1 . . . . . . . . . . . . . . . Repair Stations 6 | . 1 1 . 1 . 2 . . . . 1 . . . . . . . . . Recycling Units 3 | . . . . 1 . 1 . . . . 1 . . . . . . . . . Scanalyzers 1 | . . . . . . 1 . . . . . . . . . . . . . . Garrison Access . | . . . . . . . . . . . . . . . . . . . . . Total Hacks 71 | . 6 5 3 13 9 11 1 . . 5 5 . . 7 . . 4 2 . . Successful 36 | . 2 5 2 5 3 3 1 . . 5 1 . . 7 . . 2 . . . Failed 35 | . 4 . 1 8 6 8 . . . . 4 . . . . . 2 2 . . Catastrophic 5 | . . . 1 1 1 2 . . . . . . . . . . . . . . Database Lockouts . | . . . . . . . . . . . . . . . . . . . . . Manual 39 | . 5 1 1 4 7 2 . . 2 . 5 . . . . 4 . . . 8 Terminals 39 | . 5 3 2 6 8 3 . . . 5 1 . . . . . 4 2 . . Fabricators 1 | . . . . . 1 . . . . . . . . . . . . . . . Repair Stations 16 | . 1 2 . 6 . 5 . . . . 2 . . . . . . . . . Recycling Units 4 | . . . . 1 . 1 . . . . 2 . . . . . . . . . Scanalyzers 2 | . . . . . . 2 . . . . . . . . . . . . . . Garrison Access . | . . . . . . . . . . . . . . . . . . . . . Terminal Hacks 19 | . . 2 2 . . . 1 . . 5 . . . 7 . . 2 . . . Record 11 | . . . . . . . . . . 5 . . . 6 . . . . . . Open Door 5 | . . . 1 . . . 1 . . . . . . 1 . . 2 . . . Locate Traps 1 | . . 1 . . . . . . . . . . . . . . . . . . Dispatch Records 1 | . . . 1 . . . . . . . . . . . . . . . . . Patrol Status 1 | . . 1 . . . . . . . . . . . . . . . . . . Fabricator Hacks 1 | . . . . . 1 . . . . . . . . . . . . . . . Network Status 1 | . . . . . 1 . . . . . . . . . . . . . . . Repair Station Hacks 7 | . 1 2 . 3 . 1 . . . . . . . . . . . . . . Scan Component 4 | . . 1 . 2 . 1 . . . . . . . . . . . . . . Repair 2 | . . 1 . 1 . . . . . . . . . . . . . . . . Refit 1 | . 1 . . . . . . . . . . . . . . . . . . . Recycling Unit Hacks 1 | . . . . . . . . . . . 1 . . . . . . . . . Report Inventory 1 | . . . . . . . . . . . 1 . . . . . . . . . Scanalyzer 1 | . . . . . . 1 . . . . . . . . . . . . . . Retrieve Study 1 | . . . . . . 1 . . . . . . . . . . . . . . Garrison Access Hacks . | . . . . . . . . . . . . . . . . . . . . . Unauthorized Hacks 7 | . 1 1 . 2 2 1 . . . . . . . . . . . . . . Terminals 6 | . 1 1 . 1 2 1 . . . . . . . . . . . . . . Botnet 6 | . 1 1 . 1 2 1 . . . . . . . . . . . . . . Fabricators . | . . . . . . . . . . . . . . . . . . . . . Repair Stations . | . . . . . . . . . . . . . . . . . . . . . Recycling Units 1 | . . . . 1 . . . . . . . . . . . . . . . . Tunnel 1 | . . . . 1 . . . . . . . . . . . . . . . . Scanalyzers . | . . . . . . . . . . . . . . . . . . . . . Garrison Access . | . . . . . . . . . . . . . . . . . . . . . Data Cores Recovered . | . . . . . . . . . . . . . . . . . . . . . Used . | . . . . . . . . . . . . . . . . . . . . . Hacking Detections 24 | . 2 1 1 4 4 6 . . . 1 3 . . . . . 1 1 . . Full Trace Events 1 | . . . . . 1 . . . . . . . . . . . . . . . Feedback Events . | . . . . . . . . . . . . . . . . . . . . . Feedback Blocked . | . . . . . . . . . . . . . . . . . . . . . Robot Schematics Acquired 3 | . . . . . . . . . 3 . . . . . . . . . . . Robots Built . | . . . . . . . . . . . . . . . . . . . . . Authchips . | . . . . . . . . . . . . . . . . . . . . . Time . | . . . . . . . . . . . . . . . . . . . . . Total Robot Build Rating . | . . . . . . . . . . . . . . . . . . . . . Part Schematics Acquired 15 | . . . . . . . . . 15 . . . . . . . . . . . Parts Built . | . . . . . . . . . . . . . . . . . . . . . Authchips . | . . . . . . . . . . . . . . . . . . . . . Time . | . . . . . . . . . . . . . . . . . . . . . Total Part Build Rating . | . . . . . . . . . . . . . . . . . . . . . Part Studies Acquired 1 | . . . . . . 1 . . . . . . . . . . . . . . Parts Repaired 2 | . . 1 . 1 . . . . . . . . . . . . . . . . Time 87 | . . 26 . 61 . . . . . . . . . . . . . . . . Parts Recycled . | . . . . . . . . . . . . . . . . . . . . . Recycled Matter . | . . . . . . . . . . . . . . . . . . . . . Retrieved Matter . | . . . . . . . . . . . . . . . . . . . . . Retrieved Components . | . . . . . . . . . . . . . . . . . . . . . Parts Scanalyzed . | . . . . . . . . . . . . . . . . . . . . . Part Schematics Acquired . | . . . . . . . . . . . . . . . . . . . . . Parts Damaged . | . . . . . . . . . . . . . . . . . . . . . Bothacking | -11 -10 -9 -9 -8 -7 -6 -6 -6 -6 -5 -5 -5 -5 -5 -4 -4 -4 -4 -4 -4 ------------ Run | Yrd Mat Mat Min Mat Fac Fac Low Low Zio Pro Fac Upp Upp War Pro Fac Ext Cet Arc Hub Used RIF Installer . | . . . . . . . . . . . . . . . . . . . . . Robots Hacked . | . . . . . . . . . . . . . . . . . . . . . Non-combat . | . . . . . . . . . . . . . . . . . . . . . Combat . | . . . . . . . . . . . . . . . . . . . . . Robot Hacks Applied . | . . . . . . . . . . . . . . . . . . . . . Relay Couplers Released . | . . . . . . . . . . . . . . . . . . . . . Fabnet Peak Effective % . | . . . . . . . . . . . . . . . . . . . . . Robots Rewired 39 | . . . . . . . . 4 . . . 1 . 5 . . 29 . . . Allies Hacked 2 | . . . . . . . . 1 . . 1 . . . . . . . . . Hacks Repelled 1 | . . . . . . . . . . . . . . . . 1 . . . . Allies | -11 -10 -9 -9 -8 -7 -6 -6 -6 -6 -5 -5 -5 -5 -5 -4 -4 -4 -4 -4 -4 -------- Run | Yrd Mat Mat Min Mat Fac Fac Low Low Zio Pro Fac Upp Upp War Pro Fac Ext Cet Arc Hub Total Allies 76 | . . . . . . . . 4 9 . 6 1 . 5 . 6 36 . . 9 Largest Group 30 | . . . . . . . . 4 11 11 5 5 3 6 . 6 30 29 17 7 Highest-Rated Group 1335 | . . . . . . . . 110 308 308 350 305 205 322 . 531 1335 1289 766 700 Highest-Rated Ally 103 | . . . . . . . . 30 39 39 70 70 70 70 . 96 96 83 77 103 Zionite Dispatches 8 | . . . . . . . . . . . 2 . . . . 2 . . . 4 Heavy 3 | . . . . . . . . . . . . . . . . . . . . 3 Light 4 | . . . . . . . . . . . 2 . . . . 1 . . . 1 Hacker 1 | . . . . . . . . . . . . . . . . 1 . . . . Total Orders 6 | . . . . . . . . . . . . . . . . 1 4 1 . . FOLLOW 1 | . . . . . . . . . . . . . . . . . 1 . . . RETURN 5 | . . . . . . . . . . . . . . . . 1 3 1 . . Ally Attacks 527 | . . . . . . . . 24 . 57 37 12 13 23 . 27 168 40 53 73 Total Damage 16408 | . . . . . . . . 563 . 925 871 199 285 903 . 884 5366 1055 1920 3437 Kills 90 | . . . . . . . . 3 . 9 4 1 . 6 . 7 28 5 14 13 Allies Corrupted 6 | . . . . . . . . 1 . . . . . . . . . . . 5 Allies Melted 1 | . . . . . . . . . . 1 . . . . . . . . . . Intel | -11 -10 -9 -9 -8 -7 -6 -6 -6 -6 -5 -5 -5 -5 -5 -4 -4 -4 -4 -4 -4 ------- Run | Yrd Mat Mat Min Mat Fac Fac Low Low Zio Pro Fac Upp Upp War Pro Fac Ext Cet Arc Hub Active Infowar (turns) 12804 | . . . 165 877 906 1865 601 742 1161 856 627 417 301 750 968 345 390 187 833 813 Optics 30 | . . . . . . 30 . . . . . . . . . . . . . . Sensors 12481 | . . . 165 877 906 1808 598 740 1161 854 627 417 301 750 965 345 390 187 833 557 Cloaking 4874 | . . . . . . 1153 598 240 . 137 488 . . . 962 303 . . 502 491 Robot Analysis Total . | . . . . . . . . . . . . . . . . . . . . . Derelict Logs Recovered 6 | . . . . . . . 1 1 . 2 . . 1 . 1 . . . . . Drone Launches 4 | . . . . . . . . . . . . . . . . 1 2 1 . . Drone Recoveries 4 | . . . . . . . . . . . . . . . . 1 2 1 . . Exploration | -11 -10 -9 -9 -8 -7 -6 -6 -6 -6 -5 -5 -5 -5 -5 -4 -4 -4 -4 -4 -4 ------------- Run | Yrd Mat Mat Min Mat Fac Fac Low Low Zio Pro Fac Upp Upp War Pro Fac Ext Cet Arc Hub Turns Passed 18852 | 55 340 490 599 922 1100 2096 625 885 1781 1154 788 497 359 917 1104 435 1947 298 1292 1168 Spaces Moved 10323 | 46 234 238 366 491 648 1123 392 515 1112 679 527 348 271 586 517 322 992 143 202 571 Core 42 | 2 . 4 . . . . . . . . . . . . . . . . 29 7 Treads 122 | . . . . . . . . . . . . . . . . . . . 90 32 Legs . | . . . . . . . . . . . . . . . . . . . . . Wheels 10159 | 44 234 234 366 491 648 1123 392 515 1112 679 527 348 271 586 517 322 992 143 83 532 Hover . | . . . . . . . . . . . . . . . . . . . . . Flight . | . . . . . . . . . . . . . . . . . . . . . Fastest Speed 50 | 50 90 105 120 130 130 120 145 145 145 145 125 120 120 105 101 116 102 120 120 50 Average Speed 142 | 88 98 132 138 130 131 137 145 155 150 150 125 122 120 120 115 116 117 123 629 144 Slowest Speed 2300 | 90 105 950 170 130 145 145 145 160 160 160 140 125 120 130 116 116 131 135 2300 1000 Overloaded Moves . | . . . . . . . . . . . . . . . . . . . . . Propulsion Burnouts . | . . . . . . . . . . . . . . . . . . . . . Robots Hopped . | . . . . . . . . . . . . . . . . . . . . . Potential Cave-ins 4 | . . . . . . . . . . . . . . 1 . . . . . 3 Cave-ins Triggered 3 | . . . . . . . . . . . . . . 1 . . . . . 2 Exploration Rate (%) 48 | 3 39 16 57 46 15 31 56 62 88 66 10 53 48 72 57 7 77 61 99 50 Regions Visited 20 Branch Regions 13 Pre-discovered Areas 7 | . . . . 1 . . 1 . 2 2 . . . . 1 . . . . . Known Exits Taken 18 | . . 1 1 1 1 1 1 1 1 1 1 1 1 1 1 1 1 1 1 . Unknown Exits Taken 2 | 1 1 . . . . . . . . . . . . . . . . . . . Scrap Searched 19 | . . . 1 . . . 6 1 2 5 . 1 2 . 1 . . . . . Spaces Dug 33 | . . . . 1 5 9 . . . . 6 1 . . . 2 . . . 9 Terrain Destroyed 1082 | . . 2 7 21 5 51 2 2 . 108 11 26 79 171 58 2 10 . 2 525 Melee 24 | . . . . 1 5 9 . . . . 6 1 . . . 2 . . . . Projectile 210 | . . 2 7 20 . 7 2 . . 14 5 1 10 25 36 . 8 . 2 71 AOE 844 | . . . . . . 33 . . . 94 . 24 69 146 22 . 2 . . 454 Terrain Rammed . | . . . . . . . . . . . . . . . . . . . . . Walls Destroyed . | . . . . . . . . . . . . . . . . . . . . . Machines Disabled . | . . . . . . . . . . . . . . . . . . . . . Actions | -11 -10 -9 -9 -8 -7 -6 -6 -6 -6 -5 -5 -5 -5 -5 -4 -4 -4 -4 -4 -4 --------- Run | Yrd Mat Mat Min Mat Fac Fac Low Low Zio Pro Fac Upp Upp War Pro Fac Ext Cet Arc Hub Total 13308 | 57 293 348 421 669 812 1518 432 567 1181 739 623 401 290 737 969 365 1662 247 214 763 Wait 1183 | . 12 33 14 81 57 212 . 5 31 12 45 33 . 1 398 . 167 77 . 5 Move 10302 | 45 233 237 365 490 647 1122 391 514 1111 678 526 347 270 585 516 321 991 142 201 570 Hop . | . . . . . . . . . . . . . . . . . . . . . Pick Up 213 | 6 11 12 6 18 18 24 9 1 3 2 10 3 2 11 3 16 27 5 2 24 Fast Attach 100 | 6 1 18 4 3 7 8 4 . 3 1 3 1 3 3 2 3 13 1 1 15 Attach 92 | . 1 2 . 7 7 9 2 . . 4 2 1 . 8 11 3 10 5 2 18 Detach 26 | . 1 1 1 . 4 2 . . 1 . 2 . 1 . . 2 5 . . 6 Swap 256 | . 2 2 2 8 19 45 11 16 5 14 14 8 4 10 10 12 37 9 3 25 Drop 193 | . 4 12 10 14 17 26 9 2 6 3 9 2 5 14 . 2 31 2 . 25 Fire 442 | . 28 31 19 47 31 48 6 11 . 25 5 3 5 24 29 4 45 5 2 74 Melee 51 | . . . . 1 5 9 . 1 21 . 7 1 . . . 2 . 1 3 . Ram . | . . . . . . . . . . . . . . . . . . . . . Kick . | . . . . . . . . . . . . . . . . . . . . . Crush . | . . . . . . . . . . . . . . . . . . . . . Escape Stasis 33 | . . . . . . . . . . . . . . . . . 32 . . 1 Rewire 417 | . . . . . . 13 . 17 . . . 2 . 81 . . 304 . . . Trap . | . . . . . . . . . . . . . . . . . . . . . Miscellaneous . | . . . . . . . . . . . . . . . . . . . . . Route ------- -11/Scrapyard -10/Materials -9/Materials -9/Mines -8/Materials -7/Factory -6/Factory -6/Lower Caves -6/Lower Caves (discovered 2 exits: *Fac / *Zio) -6/Zion -5/Proximity Caves -5/Factory (discovered 2 exits: Fac / *Upp) -5/Upper Caves -5/Upper Caves -5/Warlord -4/Proximity Caves -4/Factory (discovered 5 exits: Res / *Upp x2 / *Ext / Arm) -4/Extension (discovered 3 exits: *Res x2 / *Cet) -4/Cetus -4/Archives (discovered 3 exits: *Res / *Hub x2) -4/Hub_04(d) (discovered 3 exits: *Res x3) History --------- Turn | Location | Event 11 | -11/Scrapyard | Discovered new exit (range 15) 56 | -11/Scrapyard | Entered Materials 303 | -10/Materials | Build established: Mutant 393 | -10/Materials | Discovered new exit (range 4) 396 | -10/Materials | Entered another Materials area 396 | -9/Materials | Evolved 2 slots: Utility x1, Weapon x1 443 | -9/Materials | Repaired Com. Wheel 738 | -9/Materials | Build established: Tank 753 | -9/Materials | Discovered new exit (range 7) 885 | -9/Materials | Identified exit to Mines 886 | -9/Materials | Entered Mines 1154 | -9/Mines | Met a Derelict shopkeep closing up shop 1317 | -9/Mines | Found a damaged Exp. Sensor Array with a note attached 1320 | -9/Mines | Found Prototype Device 1320 | -9/Mines | Identified Exp. Sensor Array 1378 | -9/Mines | Assembled infested the area 1478 | -9/Mines | Discovered new exit (range 6) 1484 | -9/Mines | Identified exit to Materials 1485 | -9/Mines | Entered Materials 1485 | -8/Materials | Evolved 2 slots: Power x1, Utility x1 1933 | -8/Materials | Build established: Skirmisher 2013 | -8/Materials | Repaired Broken Gauss Rifle 2351 | -8/Materials | Discovered new exit (range 4) 2355 | -8/Materials | Identified exit to Factory 2407 | -8/Materials | Entered Factory 2407 | -7/Factory | Evolved 2 slots: Utility x1, Weapon x1 2559 | -7/Factory | Found Prototype Launcher 2559 | -7/Factory | Identified Rocket Array 2667 | -7/Factory | Lost 4 parts (2p2w) 3497 | -7/Factory | Discovered new exit (range 8) 3505 | -7/Factory | Identified exit to Factory 3507 | -7/Factory | Entered another Factory area 3507 | -6/Factory | Evolved 2 slots: Utility x2 3821 | -6/Factory | Build established: Tank 4354 | -6/Factory | Discovered new exit (range 9) 4376 | -6/Factory | Identified exit to Lower Caves 4857 | -6/Factory | Build established: Skirmisher 5230 | -6/Factory | Destroyed 8 combat bots 5232 | -6/Factory | Lost 4 parts (2u2w) 5603 | -6/Factory | Entered Lower Caves 6189 | -6/Lower Caves | Discovered new exit (range 15) 6207 | -6/Lower Caves | Encountered a Warlord checkpoint 6215 | -6/Lower Caves | Identified exit to Lower Caves 6228 | -6/Lower Caves | Entered another Lower Caves area 6344 | -6/Lower Caves | Discovered new exit (range 11) 6350 | -6/Lower Caves | Encountered a Warlord checkpoint 6358 | -6/Lower Caves | Identified exit to Factory 6465 | -6/Lower Caves | Attacked by a delusional Derelict stockpiling Unaware 6823 | -6/Lower Caves | Build established: Commander-Tank 6825 | -6/Lower Caves | Learned 4 Factory zone layouts 7031 | -6/Lower Caves | P-60 Hacker assimilated allied Fighter 5a 7086 | -6/Lower Caves | Discovered new exit (range 16) 7111 | -6/Lower Caves | Identified exit to Zion 7113 | -6/Lower Caves | Entered Zion 7113 | -6/Zion | Accompanied by 2 allies 7335 | -6/Zion | Build established: Tank 7340 | -6/Zion | System corruption cleaned by Quarantine Array 7510 | -6/Zion | Learned Factory emergency access door positions 7644 | -6/Zion | Learned location of Warlord (-5) 7728 | -6/Zion | Found Prototype Device 7728 | -6/Zion | Identified Mobile Refinery Mk. CCLXVII 7851 | -6/Zion | Met Imprinter 7878 | -6/Zion | Imprinted 7880 | -6/Zion | Declared Zion's savior 8299 | -6/Zion | Given the Hacking Drone Bay 8299 | -6/Zion | Found Prototype Device 8299 | -6/Zion | Identified Hacking Drone Bay 8735 | -6/Zion | Gained Derelict followers 8838 | -6/Zion | Discovered new exit (range 16) 8860 | -6/Zion | Identified exit to Proximity Caves 8894 | -6/Zion | Entered Proximity Caves 8894 | -5/Proximity Caves | Accompanied by 11 allies 8900 | -5/Proximity Caves | Learned 8 Factory zone layouts 9350 | -5/Proximity Caves | Found DCF Scrap (12 items) 9468 | -5/Proximity Caves | Lost 7 allies 9781 | -5/Proximity Caves | Attracted the attention of an 0b10 checkpoint 9854 | -5/Proximity Caves | Attracted the attention of an 0b10 base 9866 | -5/Proximity Caves | Lost 4 allies 9887 | -5/Proximity Caves | Destroyed 12 combat bots 9890 | -5/Proximity Caves | Lost 3 parts (2u1w) 10026 | -5/Proximity Caves | Discovered exit to Factory (range 15) 10048 | -5/Proximity Caves | Entered Factory 10048 | -5/Factory | Evolved 2 slots: Propulsion x1, Utility x1 10049 | -5/Factory | Identified exit to Factory 10049 | -5/Factory | Identified exit to Upper Caves 10535 | -5/Factory | Zion Light squad teleported in 10728 | -5/Factory | Found Prototype Protection 10728 | -5/Factory | Identified Zio. Weapon Casing 10735 | -5/Factory | System corruption reached 10% 10794 | -5/Factory | Zion Light squad teleported in 10836 | -5/Factory | Entered Upper Caves 10836 | -5/Upper Caves | Accompanied by 4 allies 10837 | -5/Upper Caves | Encountered a Warlord checkpoint 11125 | -5/Upper Caves | Found Alien Artifact 11126 | -5/Upper Caves | Identified Core Expander 11126 | -5/Upper Caves | Installed Core Expander, added new Propulsion slot 11269 | -5/Upper Caves | Attracted the attention of an 0b10 outpost 11316 | -5/Upper Caves | Discovered new exit (range 15) 11332 | -5/Upper Caves | Identified exit to Upper Caves 11333 | -5/Upper Caves | Entered another Upper Caves area 11333 | -5/Upper Caves | Accompanied by 3 allies 11496 | -5/Upper Caves | Encountered a Warlord checkpoint 11532 | -5/Upper Caves | Learned 4 Factory zone layouts 11539 | -5/Upper Caves | Attracted the attention of an 0b10 checkpoint 11685 | -5/Upper Caves | Discovered new exit (range 3) 11686 | -5/Upper Caves | Identified exit to Warlord 11692 | -5/Upper Caves | Entered Warlord 11692 | -5/Warlord | Accompanied by 1 ally 11746 | -5/Warlord | System corruption cleaned by Quarantine Array 11865 | -5/Warlord | Found Prototype Device 11866 | -5/Warlord | Identified Minesniffer Drone Bay 11895 | -5/Warlord | Rebuked by Warlord 11920 | -5/Warlord | Warlord's base attacked by MAIN.C 12233 | -5/Warlord | Found Prototype Energy Gun 12234 | -5/Warlord | Identified Vortex Rail 12237 | -5/Warlord | Found Vortex Rail 12270 | -5/Warlord | Warlord forces counterattacked 12354 | -5/Warlord | Build established: Commander-Tank 12381 | -5/Warlord | Spotted Striker 12403 | -5/Warlord | Found Prototype Ballistic Cannon 12413 | -5/Warlord | Identified Hvy. Autocannon 12462 | -5/Warlord | Spotted Striker 12462 | -5/Warlord | Spotted Striker 12465 | -5/Warlord | Spotted Striker 12470 | -5/Warlord | Destroyed Striker 12471 | -5/Warlord | Allies destroyed Striker 12496 | -5/Warlord | Destroyed 8 combat bots 12496 | -5/Warlord | Spotted Executioner 12501 | -5/Warlord | Destroyed Striker 12508 | -5/Warlord | Lost 10 allies 12523 | -5/Warlord | Destroyed Executioner 12523 | -5/Warlord | Spotted Striker 12544 | -5/Warlord | Destroyed 11 combat bots 12549 | -5/Warlord | Destroyed Striker 12589 | -5/Warlord | Crushed by falling debris 12593 | -5/Warlord | Discovered new exit (range 15) 12595 | -5/Warlord | Warlord base infiltrated, sounded retreat 12608 | -5/Warlord | Identified exit to Proximity Caves 12609 | -5/Warlord | Entered Proximity Caves 12628 | -4/Proximity Caves | Lost 13 parts (1p2n5u5w) 12922 | -4/Proximity Caves | Build established: Scavenger-Mutant 13546 | -4/Proximity Caves | Attracted the attention of an 0b10 base 13651 | -4/Proximity Caves | Lost 6 parts (1p4u1w) 13675 | -4/Proximity Caves | Learned location of Quarantine (-3) 13697 | -4/Proximity Caves | Discovered exit to Factory (range 11) 13713 | -4/Proximity Caves | Entered Factory 13713 | -4/Factory | Evolved 2 slots: Power x1, Utility x1 13714 | -4/Factory | Identified exit to Armory 13715 | -4/Factory | Identified exit to Upper Caves 13715 | -4/Factory | Identified exit to Research 13812 | -4/Factory | Zion Light squad teleported in 13919 | -4/Factory | Zion Hacker squad teleported in 14026 | -4/Factory | Discovered exit to Upper Caves (range 16) 14126 | -4/Factory | Discovered new exit (range 15) 14147 | -4/Factory | Identified exit to Extension 14148 | -4/Factory | Entered Extension 14148 | -4/Extension | Accompanied by 4 allies 14293 | -4/Extension | Rescued a captive Derelict 14468 | -4/Extension | Rescued a captive Derelict 14469 | -4/Extension | Rescued a captive Derelict 14614 | -4/Extension | Rescued a captive Derelict 14722 | -4/Extension | Build established: Messiah-Tank 14983 | -4/Extension | Spotted B-86 Titan 14995 | -4/Extension | Spotted B-86 Titan 15005 | -4/Extension | Allies destroyed B-86 Titan 15014 | -4/Extension | Allies destroyed B-86 Titan 15023 | -4/Extension | Found Hvy. Reflective Plating 15038 | -4/Extension | Lost 4 parts (1n3u) 15118 | -4/Extension | Discovered exit to Research (range 6) 15148 | -4/Extension | First assault squad dispatched 15151 | -4/Extension | Lost 3 allies 15182 | -4/Extension | Build established: Commander-Tank 15244 | -4/Extension | Energy Cycler disabled 15244 | -4/Extension | Rescued a captive Derelict 15244 | -4/Extension | Rescued a captive Derelict 15244 | -4/Extension | Rescued a captive Derelict 15244 | -4/Extension | Rescued a captive Derelict 15247 | -4/Extension | Rescued a captive Derelict 15591 | -4/Extension | Terminal network hard line cut 15751 | -4/Extension | Discovered exit to Research (range 10) 15752 | -4/Extension | Discovered new exit (range 6) 15793 | -4/Extension | Lost 3 parts (1n2u) 15949 | -4/Extension | Identified exit to Cetus 16095 | -4/Extension | Entered Cetus 16095 | -4/Cetus | Accompanied by 29 allies 16108 | -4/Cetus | Spotted Cetus Guard 16108 | -4/Cetus | Spotted Cetus Guard 16110 | -4/Cetus | Spotted Cetus Guard 16110 | -4/Cetus | Spotted Cetus Guard 16122 | -4/Cetus | Allies destroyed Cetus Guard 16127 | -4/Cetus | Allies destroyed Cetus Guard 16129 | -4/Cetus | Allies destroyed Cetus Guard 16133 | -4/Cetus | Allies destroyed Cetus Guard 16161 | -4/Cetus | Lost 3 parts (1n2u) 16161 | -4/Cetus | Lost 11 allies 16327 | -4/Cetus | Discovered new exit (range 16) 16344 | -4/Cetus | Identified exit to Archives 16393 | -4/Cetus | Entered Archives 16393 | -4/Archives | Accompanied by 17 allies 16423 | -4/Archives | Unable to access archive contents 16443 | -4/Archives | Met Zhirov 16444 | -4/Archives | Build established: Scavenger-Tank 16449 | -4/Archives | Reinforcements dispatched to Archives 16461 | -4/Archives | Discovered new exit (range 15) 16482 | -4/Archives | Discovered exit to Research (range 16) 16494 | -4/Archives | Reinforcements dispatched to Archives 16496 | -4/Archives | Zhirov warped through subspace 16514 | -4/Archives | Zhirov detonated Archives 16545 | -4/Archives | Lost 6 parts (4n2u) 16545 | -4/Archives | Lost 17 allies 17444 | -4/Archives | Discovered new exit (range 14) 17511 | -4/Archives | Identified exit to Hub_04(d) 17685 | -4/Archives | Entered Hub_04(d) 17685 | -4/Hub_04(d) | Discovered exit to Research (range 10) 17773 | -4/Hub_04(d) | Lost 4 parts (1p2u1w) 17876 | -4/Hub_04(d) | Crushed by falling debris 17913 | -4/Hub_04(d) | Lost 3 parts (1p2n) 18007 | -4/Hub_04(d) | Zion Heavy squad teleported in 18195 | -4/Hub_04(d) | Zion Heavy squad teleported in 18200 | -4/Hub_04(d) | Discovered exit to Research (range 10) 18285 | -4/Hub_04(d) | System corruption reached 10% 18344 | -4/Hub_04(d) | Network Hub disabled 18398 | -4/Hub_04(d) | Zion Light squad teleported in 18441 | -4/Hub_04(d) | Discovered exit to Research (range 6) 18467 | -4/Hub_04(d) | Network Hub disabled 18467 | -4/Hub_04(d) | Spotted Lightning 18467 | -4/Hub_04(d) | Spotted Lightning 18467 | -4/Hub_04(d) | Spotted Lightning 18480 | -4/Hub_04(d) | Allies destroyed Lightning 18492 | -4/Hub_04(d) | Destroyed Lightning 18496 | -4/Hub_04(d) | Allies destroyed Lightning 18504 | -4/Hub_04(d) | Found Prototype Device 18504 | -4/Hub_04(d) | Identified Exp. EM Shield 18509 | -4/Hub_04(d) | Lost 4 parts (1p1n2u) 18511 | -4/Hub_04(d) | Lost 4 allies 18522 | -4/Hub_04(d) | Found Prototype Protection 18522 | -4/Hub_04(d) | Identified Zio. Heavy Carapace 18545 | -4/Hub_04(d) | Found Prototype Energy Cannon 18557 | -4/Hub_04(d) | Identified EMDS 18639 | -4/Hub_04(d) | Zion Heavy squad teleported in 18700 | -4/Hub_04(d) | Lost 5 allies 18708 | -4/Hub_04(d) | Garrison activated, responded to threat 18808 | -4/Hub_04(d) | Lost 14 parts (2p4n5u3w) 18819 | -4/Hub_04(d) | Spotted B-86 Titan 18829 | -4/Hub_04(d) | Found Zio. Heavy Carapace 18834 | -4/Hub_04(d) | Crushed by falling debris 18842 | -4/Hub_04(d) | Core integrity fell below 50% 18851 | -4/Hub_04(d) | Core integrity fell below 20% 18853 | -4/Hub_04(d) | Destroyed by H-77 Assassin with Coil Gun Last Messages --------------- 18845_ K-01 Serf collects debris. 18846_ Knocked back. 18846_ X-82 Rainmaker knocked back. 18847_ Penetrated by Slug. 18848_ Slug penetrates X-82 Rainmaker. 18848_ K-01 Serf collects debris. 18849_ Imp. Signal Interpreter destroyed. 18849_ Penetrated by Slug. 18850_ Dropped Hcp. Storage Unit. 18850_ Penetrated by Slug. 18850_ Slug penetrates Earth. 18850_ Penetrated by Slug. 18852_ ALERT: Hostiles spotted, dispatching reinforcements to Terminal H004. 18852_ K-01 Serf destroyed. 18853_ Slug penetrates Earth. 18853_ Penetrated by Slug. 18853_ Slug penetrates Control Node. 18853_ Penetrated by Slug. [Achievement: 20k Club] Map ----- +----------------------------------------------------+ | #????????????????? ??????????????????????????? | | ###??????????????? ??????????????????????????? | | " #??????????????# #?????????????????????????? | | +###??????????????# #?##?##???????????????????? | | ??????????????##??# ? #???????????????????? | | ????????????### ? #???????????????????? | | #??????????# ? ! #???????????????????? | | #??????????# "" ## #?????/?????????????? | | #???????????#"= "G ## #????H ????????????? | | #????????????# "" ="# #??? ????????????? | | #####+??????## ! [! # ###? ????????????? | | ???????? !go# # ?????????????? | | "" ##????????#" h## ? # ""??????????????? | | ## "#???######" % =% # ## """?????????????? | | ## #????# % """?????????????? | | ## #???# ## x%# Y # """" ???????????? | | #??## # ## ! [ ??????????? | | #??# %= x= ##????????????????? | | #???# # ## * *!! #????????????????? | | #???# # ## #% % !!! #????????????????? | | ###+#####/# # # # ][!# ##????????????????? | | ### #;########????????????? | | ### [ % #????????????? | | # ## """ """ #????????????? | | #### #????????????? | | """" """" """" #?# @ ########????????????? | | """" """" """" #?## #????????????????? | | """" """" """" #?# * ! #????????????????? | | """" """" """" # ; ! #????????????????? | | ??#### !""" """ #????????????????? | | ??#####?####??????#####;#########????????????????? | | | | | | | | | | | | | | | | | | | | | | | | | | | | | | | | | | | | | | | +----------------------------------------------------+ Best States ------------- Heat Dissipation 131 Coolant Potential 100 Energy Generation 57 Energy Capacity 1625 Matter Stores 300 Matter Capacity 300 Sight Range 22 Robot Scan Range 20 Terrain Scan Density 10 Cloak Strength 2 Base Temperature (-) 100 Armor Coverage 1600 Resistance: KI 30 Resistance: TH 25 Weapon Shielding 100 Weapon Cycling 20 Evasion (%) 42 Target Analysis 12 Recoil Reduction 2 Energy Filtering 30 Item Schematics ----------------- Imp. System Restoration Module | -6/Zion | Archive Mass Driver | -6/Zion | Archive Adv. Thermal Shield | -6/Zion | Archive Lgt. Fission Core | -6/Zion | Archive Disruptor Cannon | -6/Zion | Archive Hvy. Machine Gun | -6/Zion | Archive Hyp. Coil Gun | -6/Zion | Archive Power Amplifier | -6/Zion | Archive Adv. Plasma Cannon | -6/Zion | Archive Plasma Rifle | -6/Zion | Archive Lgt. Antimatter Reactor | -6/Zion | Archive Neutrino Core | -6/Zion | Archive Imp. Cryofiber Web | -6/Zion | Archive Lrn. Tractor Beam | -6/Zion | Archive Lrn. Phase Cannon | -6/Zion | Archive Robot Schematics ------------------ A-02 Transporter | -6/Zion | Archive B-48 Gladiator | -6/Zion | Archive E-15 Imp | -6/Zion | Archive Fabricated ------------ Nothing Repaired ---------- Com. Wheel | 13% | -9/Materials Gauss Rifle | 36% | -8/Materials | Broken Studied --------- Com. Wheel | -6/Factory | Hacked Alien Tech Used ----------------- Core Expander Achievements -------------- 20k Club Adventurer Beloved Can't Touch This Collateral Damage Explorer Explosive Keycard Generalissimo Tank We Are Legion Well-fed Force Field Challenges ------------ None Game ------ Seed TeslaCommMultitool Manual? 0 Play Time 05:24:54 Cumulative 65.3 hours Start 2026.04.06 @ 21:38:32 End 2026.04.07 @ 03:34:59 Sessions 1 Manual Loads 0 Difficulty Rogue Special Mode None Game No. 49 Rogue 49 Adventurer 0 Explorer 0 Win Type - Total 1 Types 1/0/0/0/0/0/0/0/0/0 Lore% 37 Gallery% 42 Achievement% 36 Wizard Run 0 Options --------- Layout 1 ASCII 0 Keyboard 0 Movement Mouse Keybinds 0 Fullscreen 1 Font 24/Smallcaps Map View 50x35 Zoom Use 0% Tactical HUD 1 Map Filters NONE Filters NONE Steam 1 RUN: 936a4e42-5baa-44f3-b1fc-3f037485f40e